 Dungeon Crawl Stone Soup version 0.21.0-3-g78d12a8 (webtiles) character file.

24892 dobroeutro the Severer (level 12, -2/106 HPs)
             Began as a Minotaur Fighter on Jan 17, 2018.
             Was the Champion of Okawaru.
             Killed from afar by a fire dragon (28 damage)
             ... with a blast of flame
             ... on level 14 of the Dungeon.
             The game lasted 00:19:34 (11564 turns).

dobroeutro the Severer (Minotaur Fighter)          Turns: 11564, Time: 00:19:34

Health: -2/106     AC: 18    Str: 25    XL:     12   Next: 84%
Magic:  9/15       EV: 14    Int:  5    God:    Okawaru [******]
Gold:   881        SH: 14    Dex: 11    Spells: 11/11 levels left

rFire    . . .     SeeInvis .   E - +2 broad axe
rCold    . . .     Gourm    .   c - +1 shield
rNeg     . . .     Faith    .   L - +2 chain mail {rPois}
rPois    +         Spirit   .   (helmet restricted)
rElec    .         Reflect  .   G - +1 cloak {rPois}
rCorr    .         Harm     .   (no gloves)
MR       .....                  (no boots)
Stlth    ..........             m - amulet of regeneration
HPRegen  0.67/turn              F - ring of poison resistance
MPRegen  0.14/turn              (no ring)

@: heroism, finesse
A: retaliatory headbutt, horns 2
a: Heroism, Finesse, Renounce Religion


You were on level 14 of the Dungeon.
You worshipped Okawaru.
Okawaru was exalted by your worship.
You were hungry.

You visited 1 branch of the dungeon, and saw 14 of its levels.

You collected 881 gold pieces.

Inventory:

Hand Weapons
 a - a +1 war axe
 E - a +2 broad axe (weapon)
Armour
 c - a +1 shield (worn)
 G - a +1 cloak of poison resistance (worn)
 L - a +2 chain mail of poison resistance (worn)
Jewellery
 m - an amulet of regeneration (around neck)
 r - an uncursed ring of fire
 F - a ring of poison resistance (left hand)
Wands
 u - a wand of polymorph (18)
 v - a wand of acid (14)
 w - a wand of scattershot (3)
 y - a wand of enslavement (10)
 B - a wand of iceblast (10)
 J - a wand of disintegration (10)
 M - a wand of paralysis (21)
Scrolls
 e - 10 scrolls of identify
 h - 5 scrolls of teleportation
 j - 7 scrolls of remove curse
 k - 2 scrolls of noise
 l - 3 scrolls of fog
 n - 2 scrolls of magic mapping
 p - 3 scrolls of fear
 z - 2 scrolls of amnesia {unknown}
 C - a scroll of vulnerability
 D - 3 scrolls of enchant armour
 K - 2 scrolls of summoning {unknown}
Potions
 b - a potion of magic {unknown}
 d - 4 potions of might
 g - a potion of haste {unknown}
 i - 5 potions of curing
 o - 5 potions of heal wounds {unknown}
 q - a potion of ambrosia {unknown}
 s - a potion of flight {unknown}
 t - 4 potions of agility
 x - 4 potions of degeneration {unknown}
 A - 4 potions of lignification {unknown}
 H - a potion of mutation {unknown}
 I - a potion of invisibility {unknown}
Comestibles
 f - 27 rations


   Skills:
 + Level 10.1(15.1) Fighting
 + Level 17.0(22.0) Axes
 + Level 10.1(15.1) Armour
 + Level 8.6(13.6) Dodging
 - Level 8.1(13.1) Shields
 + Level 5.5 Invocations


You had 11 spell levels left.
You didn't know any spells.

Dungeon Overview and Level Annotations

Branches:
Dungeon (14/15)            Temple (0/1) D:6            Lair (0/6) D:8
    Orc (0/2) D:11
 Vaults: D:13-14

Altars:
Elyvilon
Gozag
Okawaru
Ru
Sif Muna
Uskayaw
Yredelemnul
Zin

Shops:
D:4 [   D:11 ?

Annotations:
D:6 exclusion: door


Innate Abilities, Weirdness & Mutations

You reflexively headbutt those who attack you in melee.
You have a pair of horns on your head.


Message History

The fire dragon tramples you.
You hold your ground!
Your chain mail prevents you from hitting the fire dragon.
The fire dragon is heavily wounded.
You hit the gargoyle but do no damage.
The gargoyle hits you with a flail of protection.
You slash the fire dragon!
The fire dragon is severely wounded.
You slash the gargoyle!
You hit the fire dragon but do no damage.
Your headbutt misses the fire dragon.
The fire dragon is severely wounded.
You hit the gargoyle but do no damage. The fire dragon breathes flames at you.
The blast of flame hits you!
* * * LOW HITPOINT WARNING * * *
The gargoyle hurls a stone arrow at you.
You block the stone arrow. The fire dragon breathes flames at you.
The blast of flame hits you!
You die...

#.# #.# #.# ##.##
.#########...##
..........###.#
#########.# #.#
#.###)#
#########.@.## #
........#.#D##.#####
#.
...####..###9..Q....
#. #.#....##
##....### ##.
#.#.##..# ###.... ..
#...##.#.# ### #.
#.####.##..
#.#####.# #.# #.#
#<......# #.# .#


You could see a fire dragon and a gargoyle.

Vanquished Creatures
  Erolcha (D:9)
  A hydra (D:8)
  A centaur warrior (D:12)
  5 two-headed ogres
  2 unseen horrors
  The ghost of ThereIsNoGod the Tainter, a novice SpVM (D:7)
  A cyclops (D:14)
  2 ugly things
  A deep elf mage (D:14)
  A centaur zombie (D:12)
  2 manticores
  Psyche (D:8)
  Maurice (D:8)
  2 gargoyles
  2 trolls
  Grinder (D:5)
  9 slime creatures
  2 dream sheep (D:8)
  A hippogriff (D:13)
  A shadow (D:8)
  A wyvern (D:10)
  2 yaks (D:8)
  6 vampire mosquitoes (D:13)
  Eustachio (D:5)
  3 hungry ghosts
  A steam dragon (D:9)
  The ghost of p0werm0de the Grave Robber, an amateur GnNe (D:5)
  A soldier ant (D:12)
  Menkaure (D:7)
  Edmund (D:5)
  An acid dragon (D:9)
  A water moccasin (D:12)
  3 porcupines (D:8)
  5 ice beasts
  7 orc warriors
  A sky beast (D:9)
  3 black bears
  5 ogres
  2 phantoms (D:6)
  14 centaurs
  2 necrophages
  3 wolves (D:9)
  8 big kobolds
  A crocodile (D:8)
  Blork the orc (D:4)
  11 bullfrogs
  A wyvern skeleton (D:11)
  2 scorpions
  6 killer bees
  2 vampire bats (D:4)
  8 wights
  4 howler monkeys
  3 crimson imps
  3 bullfrog zombies
  10 hounds
  12 orc priests
  2 bullfrog skeletons
  Crazy Yiuf (D:2)
  2 centaur skeletons
  3 jellies
  17 orc wizards
  6 iguanas
  Ijyb (D:3)
  9 worker ants
  A hound zombie (D:8)
  2 hound skeletons
  3 worker ant zombies
  6 gnolls
  A howler monkey skeleton (D:9)
  17 adders
  2 shadow imps
  An ooze (D:3)
  6 worms
  9 leopard geckos
  78 orcs
  4 giant cockroaches
  5 goblins
  7 hobgoblins
  11 jackals
  5 quokkas
  A ball python (D:6)
  10 bats
  9 frilled lizards
  29 kobolds
  A leopard gecko zombie (D:7)
  5 rats
  A spectral orc (D:7)
  8 fungi (D:8)
  A plant (D:8)
439 creatures vanquished.

Vanquished Creatures (collateral kills)
  An orc wizard (D:9)
  An orc (D:9)
  2 kobolds (D:9)
4 creatures vanquished.

Vanquished Creatures (others)
  A kobold (D:9)
  10 fungi (D:8)
11 creatures vanquished.

Grand Total: 454 creatures vanquished

Notes
Turn   | Place    | Note
-------+----------+-------------------------------------------
     0 | D:1      | dobroeutro the Minotaur Fighter began the quest for the Orb.
     0 | D:1      | Reached XP level 1. HP: 19/19 MP: 0/0
   223 | D:1      | Reached skill level 3 in Axes
   309 | D:1      | Reached XP level 2. HP: 26/26 MP: 1/1
   740 | D:2      | Reached skill level 4 in Axes
   848 | D:2      | Reached XP level 3. HP: 27/31 MP: 2/2
   990 | D:2      | Found a runed door.
  1216 | D:2      | Reached skill level 5 in Axes
  1458 | D:2      | Reached XP level 4. HP: 37/39 MP: 3/3
  1632 | D:2      | Noticed Crazy Yiuf
  1633 | D:2      | Paralysed by Crazy Yiuf for 4 turns
  1647 | D:2      | Killed Crazy Yiuf
  1647 | D:2      | Reached skill level 6 in Axes
  2079 | D:3      | Reached XP level 5. HP: 45/45 MP: 4/4
  2082 | D:3      | Found an iron altar of Okawaru.
  2102 | D:3      | Became a worshipper of Warmaster Okawaru
  2158 | D:3      | Reached skill level 7 in Axes
  2390 | D:3      | Noticed Ijyb
  2400 | D:3      | Killed Ijyb
  2562 | D:4      | Reached XP level 6. HP: 51/51 MP: 5/5
  2575 | D:4      | Reached skill level 8 in Axes
  2607 | D:4      | Found the +4 Vampire's Tooth {vamp}
  2607 | D:4      | Reached * piety under Okawaru
  2704 | D:4      | Reached skill level 9 in Axes
  2827 | D:4      | Found Jemu's Antique Armour Shoppe.
  3152 | D:4      | Got a slimy chain mail
  3228 | D:4      | Noticed Blork the orc
  3237 | D:4      | Reached XP level 7. HP: 56/57 MP: 6/6
  3249 | D:4      | Killed Blork the orc
  3343 | D:4      | Identified the cursed +1 chain mail of the Wumpus {rN+ Str-2 Int+4} (You found it on level 4 of the Dungeon)
  3355 | D:5      | Entered Level 5 of the Dungeon
  3368 | D:5      | Noticed Edmund
  3403 | D:5      | Killed Edmund
  3403 | D:5      | Reached ** piety under Okawaru
  3403 | D:5      | Reached skill level 10 in Axes
  3513 | D:5      | Noticed Eustachio
  3534 | D:5      | Killed Eustachio
  3558 | D:5      | Noticed p0werm0de's ghost (amateur GnNe)
  3571 | D:5      | Killed p0werm0de's ghost
  3571 | D:5      | Reached skill level 11 in Axes
  3571 | D:5      | Reached XP level 8. HP: 60/64 MP: 7/7
  3589 | D:5      | Found a white marble altar of Elyvilon.
  3747 | D:5      | Noticed Grinder
  3763 | D:5      | Killed Grinder
  3837 | D:5      | Reached skill level 12 in Axes
  4029 | D:6      | Found a staircase to the Ecumenical Temple.
  4034 | D:6      | Reached *** piety under Okawaru
  4091 | D:6      | Reached skill level 13 in Axes
  4279 | D:6      | Reached XP level 9. HP: 12/70 MP: 8/8
  4405 | D:6      | Found a deep blue altar of Sif Muna.
  4521 | D:6      | Reached **** piety under Okawaru
  4688 | D:6      | Reached skill level 14 in Axes
  5063 | D:7      | Found a hide-covered altar of Uskayaw.
  5067 | D:7      | Found a sacrificial altar of Ru.
  5067 | D:7      | Found a glowing silver altar of Zin.
  5089 | D:7      | Noticed Menkaure
  5097 | D:7      | Killed Menkaure
  5097 | D:7      | Reached ***** piety under Okawaru
  5372 | D:7      | Noticed ThereIsNoGod's ghost (novice SpVM)
  5389 | D:7      | Killed ThereIsNoGod's ghost
  5389 | D:7      | Reached skill level 15 in Axes
  5491 | D:7      | Found a basalt altar of Yredelemnul.
  5618 | D:8      | Found a staircase to the Lair.
  5621 | D:8      | Reached skill level 16 in Axes
  5629 | D:8      | Reached XP level 10. HP: 45/78 MP: 9/9
  5634 | D:8      | Reached skill level 1 in Dodging
  5963 | D:8      | Noticed a two-headed ogre
  5985 | D:8      | Killed a two-headed ogre
  5985 | D:8      | Reached skill level 5 in Fighting
  5985 | D:8      | Reached skill level 5 in Armour
  5985 | D:8      | Reached skill level 5 in Shields
  6053 | D:8      | Noticed Maurice
  6080 | D:8      | Killed Maurice
  6530 | D:8      | Noticed a two-headed hydra
  6533 | D:8      | Killed a two-headed hydra
  6533 | D:8      | Reached ****** piety under Okawaru
  6533 | D:8      | Received a gift from Okawaru
  6875 | D:9      | Noticed Erolcha
  6875 | D:9      | Noticed Psyche
  6887 | D:8      | Killed Psyche
  6935 | D:9      | Killed Erolcha
  6935 | D:9      | Reached skill level 5 in Dodging
  6935 | D:9      | Reached XP level 11. HP: 58/91 MP: 10/10
  7150 | D:9      | Noticed Grum
  7426 | D:9      | Found an opulent altar of Gozag.
  7511 | D:9      | Found a white marble altar of Elyvilon.
  7512 | D:9      | Noticed a two-headed ogre
  7519 | D:9      | Killed a two-headed ogre
  7519 | D:9      | Received a gift from Okawaru
  7526 | D:9      | Got a polished leather armour
  7537 | D:9      | Identified the +2 leather armour of the Pit {+Fly rC+ rN++ Dex-4} (You found it on level 9 of the Dungeon)
  7600 | D:9      | Noticed Grum
  7600 | D:9      | Grum changed into Grum the centaur
  7761 | D:9      | Noticed Grum
  7761 | D:9      | Grum the centaur changed into Grum the acid dragon
  7767 | D:9      | Killed Grum the acid dragon
  7811 | D:10     | Entered Level 10 of the Dungeon
  7989 | D:10     | Reached skill level 1 in Invocations
  8124 | D:10     | Noticed a two-headed ogre
  8139 | D:10     | Killed a two-headed ogre
  8310 | D:10     | Killed an unseen horror
  8708 | D:11     | Received a gift from Okawaru
  8772 | D:11     | Found a staircase to the Orcish Mines.
  8957 | D:11     | Noticed a green ugly thing
  8964 | D:11     | Killed a green ugly thing
  9129 | D:11     | Noticed a two-headed ogre
  9136 | D:11     | Killed a two-headed ogre
  9269 | D:11     | Reached XP level 12. HP: 94/103 MP: 13/13
  9369 | D:11     | Found Buenejae's Magic Scroll Emporium.
  9785 | D:12     | Noticed a centaur warrior
  9794 | D:12     | Killed a centaur warrior
 10161 | D:12     | Received a gift from Okawaru
 11296 | D:14     | Reached skill level 5 in Invocations
 11382 | D:14     | Reached skill level 10 in Fighting
 11382 | D:14     | Reached skill level 10 in Armour
 11507 | D:14     | Noticed a two-headed ogre
 11510 | D:14     | Killed a two-headed ogre
 11510 | D:14     | Reached skill level 17 in Axes
 11545 | D:14     | Noticed a fire dragon
 11564 | D:14     | Killed from afar by a fire dragon

Skill      XL: |  1  2  3  4  5  6  7  8  9 10 11 12 |
---------------+-------------------------------------+-----
Axes           | 3 4 5 6 7 9 11 13 16 17 | 17.0
Dodging        | 5 7 8 |  8.6
Fighting       | 6 8 10 | 10.1
Armour         | 6 8 10 | 10.1
Shields        | 6 8 |  8.1
Invocations    | 3 5 |  5.5

Action                   |  1- 3 |  4- 6 |  7- 9 | 10-12 || total
-------------------------+-------+-------+-------+-------++-------
Melee: War axe           |   105 |   135 |   310 |    66 ||   616
       Headbutt          |    14 |    20 |    51 |   110 ||   195
       Unarmed           |       |    11 |     4 |    18 ||    33
       Broad axe         |       |       |       |   621 ||   621
Invok: Heroism           |       |       |       |     6 ||     6
       Finesse           |       |       |       |     1 ||     1
Evoke: Wand              |       |       |       |    10 ||    10
  Use: Scroll            |       |       |    11 |     3 ||    14
  Eat: Chunk             |     2 |     5 |     9 |    18 ||    34
       Ration            |       |       |       |     2 ||     2
Armor: Scale mail        |    40 |    72 |    97 |   164 ||   373
       Skin              |       |     1 |       |       ||     1
       Chain mail        |       |       |       |    49 ||    49
Dodge: Dodged            |    31 |    38 |    71 |   207 ||   347
Block: Shield            |    46 |    67 |   117 |   375 ||   605
